Map: [ESL] Amphion

Players

Harstem

  • Race: Protoss Protoss
  • Spawn Location: 7:00

Reynor - Winner!

  • Race: Zerg Zerg
  • Spawn Location: 11:00

Event: ESL SC2 Masters 2024 Spring (Regional)

VOD

Have the link to the VOD?

Description

Time

  • Played on: April 17, 2024, 11:01 a.m.
  • Length: 6:49

All games in this series

Show
View Real Time Build Order
Export as new Build Order

Harstem Protoss 

Build Orders: 1 Gate Expand, Oracle Opening 

Get SALT Encoding   

  12  0:00  Probe  
  13  0:12  Probe  
  14  0:20  Pylon  
  14  0:24  Probe  
  15  0:38  Probe (Chrono Boost)  
  15  0:41  Gateway  
  16  0:48  Probe (Chrono Boost)  
  17  0:51  Assimilator  
  17  0:53  Probe (Chrono Boost)  
  18  1:04  Probe  
  19  1:17  Probe  
  20  1:27  Nexus  
  20  1:38  Cybernetics Core  
  20  1:40  Probe  
  21  1:49  Assimilator  
  21  1:53  Probe  
  22  1:58  Pylon  
  22  2:05  Probe  
  23  2:14  Adept (Chrono Boost)  
  23  2:17  Probe (Chrono Boost)  
  26  2:27  Stargate, Probe (Chrono Boost)  
  27  2:32  Probe (Chrono Boost)  
  28  2:37  Adept  
  28  2:40  Probe (Chrono Boost)  
  28  2:42  Warp Gate  
  32  2:49  Probe (Chrono Boost)  
  32  2:51  Probe (Chrono Boost)  
  33  2:55  Probe (Chrono Boost)  
  33  2:56  Probe (Chrono Boost)  
  35  3:06  Probe  
  35  3:07  Probe, Adept  
  35  3:09  Oracle (Chrono Boost)  
  42  3:16  Pylon  
  42  3:18  Probe  
  43  3:22  Probe  
  44  3:29  Gateway  
  44  3:30  Probe  
  44  3:34  Probe  
  46  3:38  Oracle (Chrono Boost)  
  49  3:46  Probe  
  51  3:49  Pylon  
  51  3:54  Nexus  
  50  3:59  Probe  
  50  4:01  Probe  
  52  4:07  Nexus  
  52  4:11  Twilight Council, Probe  
  52  4:13  Probe  
  54  4:20  Gateway  
  54  4:23  Probe, Gateway  
  55  4:27  Probe  
  56  4:35  Probe, Adept x2  
  56  4:39  Probe  
  56  4:43  Assimilator  
  56  4:45  Assimilator  
  55  4:47  Pylon  
  55  4:50  Pylon, Blink (Chrono Boost)  
  55  4:57  Pylon  
  55  5:00  Pylon  
  55  5:08  Probe x2  
  55  5:12  Pylon, Stalker x2  
  61  5:21  Probe x3  
  64  5:25  Stalker x2  
  68  5:32  Shield Battery  
  68  5:33  Probe x3  
  71  5:37  Stalker  
  71  5:39  Stalker  
  75  5:45  Probe, Shield Battery  
  76  5:51  Stalker x2  
  79  6:02  Stalker  
  70  6:10  Sentry  
  57  6:18  Stalker  
  57  6:23  Sentry  
  56  6:32  Zealot  
  58  6:34  Probe  
  58  6:39  Zealot  
Show
View Real Time Build Order
Export as new Build Order

Reynor Zerg - Winner!

Build Orders: Hatch First 

Get SALT Encoding   

  12  0:00  Drone  
  13  0:13  Overlord  
  13  0:18  Drone  
  14  0:32  Drone x2  
  16  0:44  Drone  
  17  0:54  Hatchery  
  16  0:57  Drone  
  16  1:01  Drone  
  18  1:12  Extractor  
  18  1:17  Spawning Pool  
  16  1:20  Drone  
  16  1:23  Drone  
  18  1:30  Drone  
  19  1:40  Drone  
  20  1:50  Overlord  
  20  2:04  Queen  
  20  2:06  Queen  
  20  2:07  Drone x2  
  26  2:16  Zergling x2  
  26  2:17  Zergling x2, Metabolic Boost  
  28  2:25  Drone  
  28  2:27  Drone  
  30  2:36  Overlord  
  30  2:39  Queen  
  32  2:45  Zergling x2  
  32  2:46  Zergling x2  
  34  2:59  Hatchery  
  34  3:02  Drone  
  34  3:03  Drone  
  35  3:05  Drone  
  36  3:14  Zergling x2  
  36  3:15  Queen  
  36  3:18  Drone  
  40  3:20  Drone  
  40  3:24  Overlord  
  41  3:28  Drone x2  
  43  3:35  Drone  
  44  3:41  Lair  
  44  3:43  Drone  
  44  3:46  Drone  
  46  3:50  Drone  
  46  3:51  Zergling x6  
  46  3:55  Overlord  
  50  4:01  Queen  
  51  4:04  Zergling x4  
  51  4:09  Drone  
  52  4:14  Queen  
  54  4:18  Drone  
  54  4:23  Overlord  
  55  4:25  Zergling x4  
  55  4:39  Zergling x2  
  55  4:40  Zergling x4  
  55  4:43  Queen  
  58  4:46  Nydus Network  
  58  4:49  Zergling x2  
  58  4:50  Zergling x8  
  59  4:55  Queen  
  61  5:03  Zergling x8  
  65  5:07  Zergling x4  
  65  5:11  Overlord  
  65  5:15  Zergling x6  
  66  5:21  Zergling x6  
  66  5:22  Zergling x2  
  66  5:25  Nydus Canal  
  70  5:30  Zergling x2  
  70  5:31  Zergling x4  
  70  5:32  Zergling x2  
  74  5:36  Zergling x4  
  74  5:37  Zergling x2  
  74  5:40  Zergling x4  
  79  5:46  Zergling x6  
  81  5:56  Zergling x2  
  81  5:57  Overlord  
  81  5:59  Zergling x2  
  81  6:00  Zergling x4  
  81  6:01  Zergling x4  
  78  6:05  Zergling x4  
  78  6:08  Zergling x2  
  74  6:12  Zergling x8  
  74  6:14  Zergling x2  
  71  6:21  Zergling x2  
  71  6:22  Zergling x2  
  67  6:30  Zergling x2  
Tags
 
Add a new tag
Caveats
  • Supply blocks, unpowered buildings, or Contaminate may cause inaccurate times.
  • Supply counts are checked every 10 seconds.